[Event "Team 45 45 League T50"]
[Site "Internet Chess Club"]
[Date "2011.09.17"]
[Round "6"]
[White "Killian"]
[Black "eurander"]
[Result "0-1"]
[WhiteElo "1796"]
[BlackElo "2161"]
[Opening "Caro-Kann: classical variation"]
[ECO "B18"]
[Time "04:06:14"]
[TimeControl "2700+45"]

1. e4 c6 2. d4 d5 3. Nd2 dxe4 4. Nxe4 Bf5 5. Ng3 Bg6 6. c3 Nd7 7. Nf3 e6 8. Bd3
Ngf6 9. O-O Bd6 10. Re1 Bxd3 11. Qxd3 O-O 12. Bg5 Qc7 13. Bxf6 Nxf6 14. Ne4 Be7
15. Nxf6+ Bxf6 16. Ne5 Rad8 17. Qg3 Rd5 18. Ng4 Qxg3 19. Nxf6+ gxf6 20. hxg3
Rfd8 21. Re2 Kg7 22. Rae1 Kg6 23. Re4 h5 24. f3 R8d7 25. Kf2 c5 26. dxc5 Rxc5
27. g4 h4 28. Rh1 Kg5 29. Re2 f5 30. gxf5 Rxf5 31. Re4 Rd2+ 32. Re2 Rfd5 33. Re1
Kf5 34. Rh1 Kg5 35. Re1 Kf4 36. c4 R5d4 37. b3 f5 38. Rxd2 Rxd2+ 39. Re2 Rxe2+
40. Kxe2 Kg3 41. Kf1 e5 42. b4 Kf4 43. c5 a6 44. a4 e4 45. b5 axb5 46. axb5 Ke5
47. fxe4 fxe4 48. Ke2 Kd5 49. c6 bxc6 50. b6 Kd6 51. Ke3 c5 52. Kxe4 Kc6 53. b7
Kxb7 54. Kd5 Kb6 55. Kc4 Kc6 56. Kc3 Kd5 57. Kd3 Ke5 {White resigns} 0-1

[Event "Team 45 45 League T50"]
[Site "Internet Chess Club"]
[Date "2011.09.17"]
[Round "6"]
[White "kidviper"]
[Black "TwoEqualsOne"]
[Result "1/2-1/2"]
[WhiteElo "1954"]
[BlackElo "1936"]
[Opening "Grünfeld: 5.Bf4"]
[ECO "D92"]
[Time "19:00:45"]
[TimeControl "2700+45"]

1. d4 Nf6 2. c4 g6 3. Nf3 Bg7 4. Nc3 d5 5. Bf4 c6 6. e3 O-O 7. Be2 dxc4 8. Bxc4
Nbd7 9. O-O Nb6 10. Be2 Nfd5 11. Nxd5 Nxd5 12. Be5 Bxe5 13. Nxe5 Qb6 14. Nc4 Qd8
15. a3 Nb6 16. Ne5 Nd7 17. Nc4 Nb6 18. Rc1 Nxc4 19. Bxc4 Qd6 20. Qb3 Rb8 21.
Rfd1 Bf5 22. Be2 Be4 23. Qa4 a6 24. f3 Bd5 25. Bf1 Qe6 26. Rd3 Qf6 27. e4 Be6
28. Qb4 Rfd8 29. g3 Qg5 30. Rdd1 f5 31. f4 Qf6 32. e5 Qf7 33. Be2 Bd5 34. Rd2 e6
35. Bd1 Qf8 36. Qa5 Qe7 37. h4 h5 38. Rc3 Rd7 39. Qa4 Qd8 40. Bf3 Qe7 {Game
drawn by mutual agreement} 1/2-1/2

[Event "Team 45 45 League T50"]
[Site "Internet Chess Club"]
[Date "2011.09.17"]
[Round "6"]
[White "ILRE"]
[Black "Timotheous"]
[Result "0-1"]
[WhiteElo "1693"]
[BlackElo "1704"]
[Opening "English opening"]
[ECO "A15"]
[Time "13:03:35"]
[TimeControl "2700+45"]

1. c4 Nf6 2. Nf3 g6 3. Nc3 c5 4. g3 b6 5. Bg2 Bb7 6. O-O Bg7 7. d3 O-O 8. Rb1 d5
9. cxd5 Nxd5 10. Ne4 Nc6 11. a3 Qc7 12. b3 Rfe8 13. Bb2 e5 14. Nc3 Nxc3 15. Bxc3
Nd4 16. Nxd4 exd4 17. Bxb7 Qxb7 18. Bd2 a5 19. b4 axb4 20. axb4 Qe7 21. Re1 Rec8
22. bxc5 bxc5 23. e4 Qe6 24. Bf4 Ra3 25. Qe2 Qa6 26. Red1 Ra2 27. Rb2 Ra3 28.
Kg2 h6 29. h4 Kh7 30. Rdd2 Rc3 31. Ra2 Qc6 32. Kh2 Re8 33. Qd1 Qe6 34. Qb1 Qg4
35. Qb5 Qf3 36. Qxe8 Rc1 {White resigns} 0-1

[Event "Team 45 45 League T50"]
[Site "Internet Chess Club"]
[Date "2011.09.16"]
[Round "6"]
[White "nanning"]
[Black "Gilguli"]
[Result "1-0"]
[WhiteElo "1530"]
[BlackElo "1407"]
[Opening "Réti opening"]
[ECO "A05"]
[Time "11:12:23"]
[TimeControl "2700+45"]

1. Nf3 Nf6 2. g3 b6 3. Bg2 Bb7 4. O-O g6 5. d3 d5 6. Nbd2 c5 7. Re1 Nc6 8. e4 d4
9. Nc4 Nd7 10. Bf4 f6 11. e5 g5 12. Nxg5 fxg5 13. Qh5# {Black checkmated} 1-0

[Event "Team 45 45 League T50"]
[Site "Internet Chess Club"]
[Date "2011.09.19"]
[Round "6"]
[White "tsia68"]
[Black "subterfuge"]
[Result "0-1"]
[WhiteElo "1831"]
[BlackElo "1771"]
[Opening "Caro-Kann: closed (Breyer) variation"]
[ECO "B10"]
[Time "17:02:18"]
[TimeControl "2700+45"]

1. e4 c6 2. d3 d5 3. Nd2 d4 4. Ngf3 Bg4 5. h3 Bxf3 6. Nxf3 e6 7. g3 Qb6 8. a3
Nd7 9. Bg2 Bd6 10. O-O f6 11. b4 Ne7 12. Bb2 e5 13. c3 dxc3 14. Bxc3 O-O-O 15.
Qc2 g5 16. Nd2 h5 17. Nc4 Qc7 18. Rfc1 Ng6 19. Nxd6+ Qxd6 20. Rd1 h4 21. g4 Nf4
22. Bf1 Rhe8 23. d4 exd4 24. Rxd4 Qe7 25. Rc4 Kb8 26. Bd4 Nb6 27. Bxb6 axb6 28.
a4 Qe5 29. Rd1 Rxd1 30. Qxd1 Qe7 31. Rd4 Kc7 32. Qb3 Qe5 33. Qd1 Ne6 34. Rd7+
Kb8 35. b5 c5 36. Bc4 Nd4 37. Bd5 Re7 38. Rxe7 Qxe7 39. Kg2 Qe5 40. Qd3 Kc7 41.
Qc4 Qf4 42. Qd3 Kd6 43. Bxb7 Qc1 44. Bd5 Qa1 45. Qc4 Qa3 46. e5+ fxe5 47. Bb7
Qb3 48. Qc1 Ne6 49. Qd2+ Ke7 50. Qe1 Nf4+ 51. Kg1 Kf6 52. Qe3 Qxa4 53. Bc6 Qd4
54. Qb3 Qd3 55. Qxd3 Nxd3 56. Kh2 {White resigns} 0-1

[Event "Team 45 45 League T50"]
[Site "Internet Chess Club"]
[Date "2011.09.18"]
[Round "6"]
[White "CheeryCherry"]
[Black "Duguesclin"]
[Result "1-0"]
[WhiteElo "1347"]
[BlackElo "1714"]
[Opening "Nimzovich-Larsen attack: Indian variation"]
[ECO "A01"]
[Time "10:08:01"]
[TimeControl "2700+45"]

1. b3 Nf6 2. e3 c5 3. Bb2 e6 4. f4 d5 5. Nf3 Nc6 6. Bb5 Qb6 7. Bxc6+ bxc6 8. d3
Be7 9. Nbd2 c4 10. d4 Ba6 11. h3 O-O 12. Ne5 Rac8 13. g4 Qa5 14. c3 Rfd8 15. b4
Qb6 16. g5 Ne4 17. Nxe4 dxe4 18. Qc2 Qb5 19. Rg1 Qd5 20. O-O-O g6 21. h4 Ra8 22.
h5 Bb7 23. hxg6 hxg6 24. Qh2 Bf8 25. Rh1 Bg7 26. b5 c5 27. Ba3 f6 28. Qh7+ Kf8
29. Nxg6+ Kf7 30. gxf6 Kxf6 31. Bxc5 Rh8 32. Be7+ Kf7 33. Nxh8+ Rxh8 34. Rdg1
Rxh7 35. Rxh7 Kxe7 36. Rgxg7+ Kf6 37. Rxb7 Kg6 38. Rhd7 Qf5 39. Rg7+ Kh6 40.
Rh7+ Qxh7 41. Rxh7+ Kxh7 42. a4 {Black resigns} 1-0

[Event "Team 45 45 League T50"]
[Site "Internet Chess Club"]
[Date "2011.09.17"]
[Round "6"]
[White "zap2"]
[Black "Muravey"]
[Result "1-0"]
[WhiteElo "1799"]
[BlackElo "1550"]
[Opening "Réti opening"]
[ECO "A04"]
[Time "15:35:29"]
[TimeControl "2700+45"]

1. Nf3 b6 2. g3 Bb7 3. Bg2 e6 4. O-O f5 5. d3 Nf6 6. Nbd2 g6 7. Re1 Bg7 8. e4
O-O 9. e5 Ne8 10. d4 Qe7 11. a4 c6 12. Nc4 Ba6 13. Ne3 Nc7 14. c4 Qb4 15. Qc2
Qe7 16. d5 cxd5 17. cxd5 Nxd5 18. Nxd5 exd5 19. Nd4 Bb7 20. Qb3 d6 21. Bxd5+ Kh8
22. Ne6 dxe5 23. Nxf8 Bxf8 24. Bxb7 Qxb7 25. Rxe5 Nc6 26. Qf3 Qc7 27. Re6 Rc8
28. Bf4 Qd7 29. Rae1 Bg7 30. Qe2 Rg8 31. Re8 Rxe8 32. Qxe8+ Qxe8 33. Rxe8+
{Black resigns} 1-0

[Event "Team 45 45 League T50"]
[Site "Internet Chess Club"]
[Date "2011.09.18"]
[Round "6"]
[White "Giacometti"]
[Black "Ayensa80"]
[Result "0-1"]
[WhiteElo "1628"]
[BlackElo "1775"]
[Opening "Bird's opening"]
[ECO "A02"]
[Time "16:34:11"]
[TimeControl "2700+45"]

1. f4 Nf6 2. d3 d5 3. Nf3 g6 4. g3 Bg7 5. Bg2 c5 6. O-O Nc6 7. Nc3 O-O 8. e4
dxe4 9. dxe4 Qc7 10. e5 Ng4 11. Qe2 a6 12. Ne4 Nd4 13. Nxd4 cxd4 14. c3 dxc3 15.
Nxc3 Be6 16. h3 Nh6 17. Be3 Bc4 18. Qf3 Bxf1 19. Rxf1 e6 20. Ne4 Nf5 21. Bd2
Rfd8 22. Bc3 Rac8 23. g4 Nh4 24. Qg3 Nxg2 25. Kxg2 b5 26. Qh4 Qc6 27. Re1 Qd5
28. Kh2 Rc4 29. Nd6 Rxd6 30. exd6 Qxd6 31. Bxg7 Qd2+ 32. Kh1 Kxg7 33. f5 exf5
{White resigns} 0-1

[Event "Team 45 45 League T50"]
[Site "Internet Chess Club"]
[Date "2011.09.16"]
[Round "6"]
[White "ben622"]
[Black "xec"]
[Result "0-1"]
[WhiteElo "1947"]
[BlackElo "2231"]
[Opening "Sicilian: Sozin with ...a6 and ...b5"]
[ECO "B87"]
[Time "16:00:32"]
[TimeControl "2700+45"]

1. e4 c5 2. Nf3 d6 3. d4 cxd4 4. Nxd4 Nf6 5. Nc3 a6 6. Bc4 e6 7. Bb3 b5 8. O-O
Be7 9. Qf3 Qc7 10. Qg3 O-O 11. Bh6 Ne8 12. Rad1 Bd7 13. Rfe1 Nc6 14. Nxc6 Bxc6
15. Rd3 b4 16. Nd1 Qb7 17. Rde3 a5 18. c3 a4 19. Bc2 b3 20. axb3 axb3 21. Bd3
Kh8 22. Bg5 f6 23. Qh3 fxg5 24. e5 h6 25. Qxe6 dxe5 26. Qg6 Nf6 27. Rxe5 Be8 28.
Qf5 Bd6 29. R5e3 Qc7 30. c4 Ra5 31. Qh3 g4 {White resigns} 0-1

[Event "Team 45 45 League T50"]
[Site "Internet Chess Club"]
[Date "2011.09.16"]
[Round "6"]
[White "McKnights"]
[Black "universe"]
[Result "0-1"]
[WhiteElo "1880"]
[BlackElo "2051"]
[Opening "French: Winawer, fingerslip variation"]
[ECO "C15"]
[Time "16:32:27"]
[TimeControl "2700+45"]

1. e4 e6 2. d4 d5 3. Nc3 Bb4 4. Bd2 dxe4 5. Nge2 Nf6 6. Nxe4 Bxd2+ 7. Nxd2 O-O
8. Nf3 Bd7 9. Nc3 Bc6 10. Be2 Qd6 11. O-O Rd8 12. Qd2 Bxf3 13. Bxf3 Nc6 14. Nb5
Qd7 15. Rad1 a6 16. Bxc6 Qxc6 17. Nc3 Rd6 18. Qe3 Rad8 19. Rfe1 Nd5 20. Nxd5
Rxd5 21. c3 Qa4 22. Ra1 b6 23. b3 Qd7 24. Rac1 c5 25. dxc5 bxc5 26. c4 Rd4 27.
Qe5 Qc6 28. h3 R8d6 29. Rc2 a5 30. Rce2 f6 31. Qe3 e5 32. Qc3 a4 33. Qa5 axb3
34. axb3 Qb6 35. Qa4 Rd8 36. Rb1 Qd6 37. Rbe1 h6 38. Qa5 Rb8 39. Re3 Rd2 40. Rg3
Rd8 41. Qa7 g5 42. h4 Rd7 43. Qa8+ Rd8 44. Qe4 Qc7 45. Rf3 R2d6 46. hxg5 hxg5
47. Ra1 Qh7 48. Qxh7+ Kxh7 49. Ra5 Rc6 50. g4 Kg6 51. Kg2 Rd4 52. Kg3 Rd2 53.
Ra8 Kf7 54. Rb8 Rd1 55. Rg8 Kxg8 56. Re3 Rcd6 57. Kg2 R6d3 58. Re2 Rxb3 59. Rc2
Rd4 60. f3 Rb4 61. Kg3 Rdxc4 62. Re2 Rd4 63. Ra2 c4 64. Ra8+ Kg7 65. Ra7+ Kg6
66. Ra8 Rd7 67. Rc8 Kf7 68. Rc6 Ke7 69. Rc5 Kd6 70. Rc8 Rc7 71. Rf8 Ke7 72. Rh8
c3 73. Rh7+ Kd6 74. Rh6 Ke6 75. Rh8 c2 76. Re8+ Kd7 77. Rf8 c1=Q 78. Rxf6 Qg1+
79. Kh3 Rc6 80. Rf7+ Ke8 81. Rh7 Qh1+ 82. Kg3 Qxh7 83. Kg2 Rc2+ 84. Kg3 Qh2#
{White checkmated} 0-1

[Event "Team 45 45 League T50"]
[Site "Internet Chess Club"]
[Date "2011.09.20"]
[Round "6"]
[White "Boromir"]
[Black "JustinL"]
[Result "1/2-1/2"]
[WhiteElo "1911"]
[BlackElo "1774"]
[Opening "French: Tarrasch, closed variation"]
[ECO "C05"]
[Time "16:02:39"]
[TimeControl "2700+45"]

1. e4 e6 2. d4 d5 3. Nd2 Nf6 4. e5 Nfd7 5. Bd3 c5 6. c3 Nc6 7. Ne2 Qb6 8. Nf3 f6
9. exf6 Nxf6 10. O-O cxd4 11. cxd4 Bd6 12. b3 O-O 13. Bb2 Bd7 14. Rc1 Nb4 15.
Bb1 Rac8 16. Qd2 Ne4 17. Qe3 Bb5 18. Rxc8 Rxc8 19. Rc1 Rxc1+ 20. Nxc1 Qc7 21.
Bxe4 Bf4 22. Qe1 Bxc1 23. Bxh7+ Kxh7 24. Qxc1 Qxc1+ 25. Bxc1 Nxa2 26. Bd2 Bd7
27. Ne5 Bb5 28. h4 b6 29. f3 a5 30. Kf2 Kg8 31. g4 a4 32. bxa4 Bxa4 33. Ke3 b5
34. Nc6 Kf7 35. Kf4 Bd1 36. Nb4 Nxb4 37. Bxb4 Kf6 38. g5+ Kg6 39. Kg4 Be2 40.
h5+ Kf7 41. Kf4 Bd1 42. Bc5 Be2 43. Bb4 Bd3 44. Ke5 Be2 45. Kf4 {Game drawn by
repetition} 1/2-1/2

[Event "Team 45 45 League T50"]
[Site "Internet Chess Club"]
[Date "2011.09.18"]
[Round "6"]
[White "dstavila"]
[Black "FlyingTiger"]
[Result "1/2-1/2"]
[WhiteElo "1539"]
[BlackElo "1833"]
[Opening "Sicilian: Hungarian variation"]
[ECO "B27"]
[Time "12:01:02"]
[TimeControl "2700+45"]

1. e4 c5 2. Nf3 g6 3. c3 Bg7 4. d4 cxd4 5. cxd4 d5 6. e5 Nh6 7. Nc3 O-O 8. Be2
Bg4 9. h3 Bxf3 10. Bxf3 e6 11. O-O Nf5 12. b3 Nc6 13. Be3 b5 14. g4 Nxe3 15.
fxe3 a6 16. Bg2 Qg5 17. Qf3 f6 18. exf6 Rxf6 19. Qe2 Raf8 20. Rac1 Rxf1+ 21.
Rxf1 Rxf1+ 22. Bxf1 Nxd4 23. exd4 Bxd4+ 24. Kg2 Bxc3 25. Qxe6+ Kg7 26. Qxa6 Qd2+
27. Kh1 Be5 28. Qa7+ Kh6 29. Qg1 b4 30. Qg2 Qxg2+ 31. Kxg2 Kg5 32. Kf3 Bc3 33.
Ke3 Kf6 34. Bd3 h6 35. Be2 Ke5 36. Bd3 g5 37. Be2 d4+ 38. Kf3 Bb2 39. Bd3 Bc3
40. Be4 Bb2 41. Bd3 Bc3 42. Bf5 Bb2 43. Bd3 Bc3 44. Be4 Bb2 45. Bd3 Bc3 46. Bc4
Bb2 47. Bd3 Bc3 48. Bf5 Bd2 49. Bd3 Bc3 50. Be4 Bb2 51. Bf5 Bc3 52. Bd3 Bb2 53.
Bc4 Bc3 54. Bd3 Bb2 55. Bf5 Bc3 56. Be4 Bb2 57. Bd3 Bc3 58. Be4 Bb2 59. Bh7 Bc3
60. Bg6 Bb2 61. Be4 Bc3 62. Bd3 Bb2 63. Bc4 Bc3 64. Bd3 Bb2 65. Be4 Bc3 66. Bd3
Bb2 67. Be4 Bc3 68. Bf5 Bb2 69. Bd3 Bc3 70. Bc4 Bb2 71. Bd3 Bc3 72. Be4 Bb2 73.
Bd3 Bc3 74. Bf5 Bb2 75. Be4 Bc3 76. Bd3 Bb2 77. Be4 Bc3 78. Bd3 Bb2 79. Bf5 Bc3
80. Bd3 Bb2 81. Bc4 Bc3 82. Bd3 Bb2 83. Bf5 Bc3 84. Be4 Bb2 85. Bd3 Bc3 86. Bc4
Bb2 87. Bd3 Bc3 88. Bf5 Bb2 89. Be4 Bc3 90. Bd3 Bb2 91. Be4 Bc3 92. Bf5 Bb2 93.
Bc2 Bc3 94. Bb1 Bb2 95. Bg6 Bc3 96. Bh7 Bb2 97. Be4 Bc3 98. Bd3 Bb2 99. Be4 Bc3
100. Bf5 Bb2 101. Bd3 Bc3 102. Bc4 Bb2 103. Bd3 Bc3 104. Be4 Bb2 105. Bf5 Bc3
106. Bd3 {Game drawn by repetition} 1/2-1/2

[Event "Team 45 45 League T50"]
[Site "Internet Chess Club"]
[Date "2011.09.20"]
[Round "6"]
[White "alexping"]
[Black "JeeniousChess"]
[Result "0-1"]
[WhiteElo "1897"]
[BlackElo "1911"]
[Opening "Grünfeld: exchange, classical variation"]
[ECO "D87"]
[Time "11:09:07"]
[TimeControl "2700+45"]

1. d4 Nf6 2. c4 g6 3. Nc3 d5 4. cxd5 Nxd5 5. e4 Nxc3 6. bxc3 Bg7 7. Bc4 c5 8.
Ne2 Nc6 9. Be3 O-O 10. O-O Qc7 11. Qc1 Bd7 12. Rb1 Na5 13. Bd5 e6 14. Bf4 Qc8
15. Bb3 cxd4 16. cxd4 Qxc1 17. Rfxc1 Bb5 18. Bd1 Bd3 19. Rb4 Bxe4 20. Nc3 Bd3
21. Bf3 Rac8 22. Ne4 b6 23. h3 Rxc1+ 24. Bxc1 Nc6 25. Rb3 Bc2 26. Rc3 Nxd4 27.
Rc7 Be5 28. Rc4 Bd3 29. Nd2 Bxc4 30. Nxc4 Nxf3+ 31. gxf3 Rc8 {White resigns} 0-1

[Event "Team 45 45 League T50"]
[Site "Internet Chess Club"]
[Date "2011.09.17"]
[Round "6"]
[White "livis"]
[Black "zbence"]
[Result "1-0"]
[WhiteElo "2002"]
[BlackElo "1792"]
[Opening "Sicilian: Grand Prix attack"]
[ECO "B21"]
[Time "18:03:22"]
[TimeControl "2700+45"]

1. e4 c5 2. f4 d5 3. e5 Bf5 4. Nf3 Nc6 5. Be2 e6 6. O-O Nge7 7. d3 h6 8. c3 Qb6
9. Na3 Bh7 10. Qe1 a5 11. c4 Nf5 12. Nb5 Ncd4 13. Nbxd4 cxd4 14. cxd5 exd5 15.
g4 Ne3 16. Bxe3 dxe3 17. f5 Be7 18. d4 Qxb2 19. Rb1 Qxa2 20. Rxb7 Bb4 21. Bb5+
Kf8 22. Qxe3 Qa3 23. Qf4 Be7 24. e6 f6 25. Rb8+ {Black resigns} 1-0

[Event "Team 45 45 League T50"]
[Site "Internet Chess Club"]
[Date "2011.09.18"]
[Round "6"]
[White "kabindra"]
[Black "Otelo"]
[Result "1-0"]
[WhiteElo "1845"]
[BlackElo "1804"]
[Opening "Sicilian defense"]
[ECO "B41"]
[Time "17:02:43"]
[TimeControl "2700+45"]

1. e4 c5 2. Nf3 e6 3. d4 cxd4 4. c3 d3 5. Bxd3 Nf6 6. e5 Nd5 7. Ng5 d6 8. Qh5 g6
9. Qf3 Qc7 10. exd6 Bxd6 11. Na3 a6 12. Nc4 O-O 13. Nxd6 Qxd6 14. O-O Nc6 15.
Ne4 Qe7 16. Qg3 b5 17. Bg5 f6 18. Bh6 Rf7 19. Nd6 Ne5 20. Nxf7 Kxf7 21. Bd2 Bb7
22. f4 Nxd3 23. Qxd3 Rd8 24. Qh3 Kg7 25. Rae1 f5 26. Be3 Nf6 27. Bd4 Kg8 28. Qh4
Rf8 29. h3 Be4 30. Kh1 Kg7 31. Qf2 Kg8 32. Bc5 Qb7 33. Bxf8 Kxf8 34. Rd1 Kf7 35.
b3 Nd5 36. Qd4 Nf6 37. Rg1 Qb8 38. Qd6 Qb7 39. Rd2 Bd5 40. Qe5 Ne4 41. Rc2 Nf6
42. c4 bxc4 43. bxc4 Be4 44. Rb2 Qc6 45. c5 Bd5 46. Qd6 Qa4 47. Qc7+ Kf8 48.
Rb8+ Ne8 49. Qxh7 Bxg2+ 50. Rxg2 Qd1+ 51. Kh2 Qd4 52. Qh6+ Ke7 53. Rb7+ Kd8 54.
Qg5+ Kc8 55. c6 Nf6 56. Qh6 Ne8 57. Rxg6 Qf2+ 58. Rg2 Qd4 59. Qxe6+ {Black
resigns} 1-0

[Event "Team 45 45 League T50"]
[Site "Internet Chess Club"]
[Date "2011.09.20"]
[Round "6"]
[White "Justi"]
[Black "egyptiantiger"]
[Result "1/2-1/2"]
[WhiteElo "2129"]
[BlackElo "2144"]
[Opening "King's Indian: Sämisch, 5...O-O"]
[ECO "E81"]
[Time "18:18:27"]
[TimeControl "2700+45"]

1. d4 Nf6 2. c4 g6 3. Nc3 Bg7 4. e4 d6 5. f3 O-O 6. Bg5 c5 7. d5 e6 8. Bd3 exd5
9. cxd5 a6 10. a4 h6 11. Be3 Re8 12. Nge2 Nbd7 13. O-O Ne5 14. Kh1 Nh7 15. h3 f5
16. Rb1 Ng5 17. Bc2 fxe4 18. Bxg5 hxg5 19. Nxe4 Bf5 20. N2g3 b5 21. Qc1 Nf7 22.
Nxf5 gxf5 23. Ng3 f4 24. Ne4 Bd4 25. Qd1 b4 {Game drawn by mutual agreement}
1/2-1/2

[Event "Team 45 45 League T50"]
[Site "Internet Chess Club"]
[Date "2011.09.18"]
[Round "6"]
[White "CamLeslie"]
[Black "jorobo"]
[Result "1/2-1/2"]
[WhiteElo "1835"]
[BlackElo "1949"]
[Opening "QGD: exchange, positional line, 5...c6"]
[ECO "D35"]
[Time "14:03:25"]
[TimeControl "2700+45"]

1. d4 d5 2. c4 e6 3. Nc3 Nf6 4. cxd5 exd5 5. Bg5 c6 6. e3 Bf5 7. Qf3 Bg6 8. Bxf6
Qxf6 9. Qxf6 gxf6 10. Kd2 Nd7 11. Bd3 Nb6 12. b3 Nc8 13. Nge2 Ba3 14. Nf4 Bb2
15. Rag1 Nd6 16. f3 Bxd3 17. Kxd3 Bxc3 18. Kxc3 O-O-O 19. Nh5 Rde8 20. Re1 Re6
21. Kd3 f5 22. Re2 Rg8 23. h3 Kd8 24. Nf4 Re7 25. g4 fxg4 26. hxg4 f5 27. Rh6
Kd7 28. Reh2 fxg4 29. fxg4 Rxg4 30. Rxh7 Rgg7 31. Rh8 Rg3 32. Re2 Nf5 33. Ng2
Re4 34. Rh7+ Kc8 35. Rf2 Ne7 36. Rh4 Rxg2 37. Rh8+ Rg8 38. Rxg8+ Nxg8 39. Rf8+
Kc7 40. Rxg8 Rh4 41. a4 Kb6 42. Rg7 Rh1 43. Kc3 Re1 44. Re7 a5 45. Kd2 Rb1 46.
Kc2 Re1 47. Kd2 Rb1 48. Kc2 Re1 49. Kd2 {Game drawn by repetition} 1/2-1/2

[Event "Team 45 45 League T50"]
[Site "Internet Chess Club"]
[Date "2011.09.16"]
[Round "6"]
[White "cesaralexander"]
[Black "Saixua"]
[Result "1/2-1/2"]
[WhiteElo "1905"]
[BlackElo "1884"]
[Opening "Budapest: Rubinstein variation"]
[ECO "A52"]
[Time "22:08:10"]
[TimeControl "2700+45"]

1. d4 Nf6 2. c4 e5 3. dxe5 Ng4 4. Bf4 Nc6 5. Nf3 Bb4+ 6. Nbd2 Qe7 7. e3 Ngxe5 8.
Nxe5 Nxe5 9. Be2 d6 10. O-O O-O 11. Nb3 Ng6 12. Bg3 Rd8 13. a3 Bc5 14. Nxc5 dxc5
15. Qc2 Be6 16. Rad1 c6 17. Rxd8+ Rxd8 18. Rd1 Rxd1+ 19. Qxd1 f5 20. Bd6 Qd7 21.
Bxc5 Qxd1+ 22. Bxd1 b6 23. Bd6 Bxc4 24. b4 Kf7 25. a4 Ke6 26. Bb8 a6 27. Ba7 b5
28. axb5 axb5 29. Bd4 Ne5 30. Bc2 g6 31. h4 Nd3 32. Bc3 h5 33. f3 Kd5 34. Bxd3
Bxd3 35. Bd4 f4 36. Kf2 fxe3+ 37. Kxe3 Bf5 38. Bg7 Kc4 39. Bf8 Kd5 40. Kf4 Kd4
41. g4 hxg4 42. fxg4 Bc2 43. Bc5+ Kd5 44. Kg5 Ke6 45. Kh6 Kf7 46. Kg5 Kg8 47.
Kf6 Kh7 48. Be3 Bd1 49. Kg5 Be2 50. h5 gxh5 51. gxh5 Bf3 52. h6 Bd5 {Game drawn
by mutual agreement} 1/2-1/2

[Event "Team 45 45 League T50"]
[Site "Internet Chess Club"]
[Date "2011.09.18"]
[Round "6"]
[White "badmove"]
[Black "azbycx"]
[Result "0-1"]
[WhiteElo "1755"]
[BlackElo "1793"]
[Opening "Grünfeld: 5.Bg5"]
[ECO "D91"]
[Time "16:01:20"]
[TimeControl "2700+45"]

1. d4 Nf6 2. c4 g6 3. Nc3 d5 4. Nf3 Bg7 5. Bg5 dxc4 6. Qa4+ Nbd7 7. e4 O-O 8.
Qxc4 c6 9. Qd3 Nb6 10. Rc1 Bg4 11. Be2 Bxf3 12. Bxf3 Qd7 13. O-O Rfe8 14. Rfd1
Rad8 15. h3 h6 16. Be3 e6 17. g4 Nh7 18. Rc2 Qe7 19. Ne2 Qh4 20. Bg2 Rd7 21. f4
Red8 22. Bf2 Qe7 23. Rcd2 e5 24. Qb3 exf4 25. Nxf4 Qf6 26. Be3 Kh8 27. d5 cxd5
28. Nxd5 Nxd5 29. Rxd5 Rxd5 30. Rxd5 Rxd5 31. Qxd5 Qxb2 32. Bxa7 Ng5 33. Qb3
Qc1+ 34. Kf2 Qf4+ 35. Ke2 Nxe4 36. Bxe4 Qxe4+ 37. Qe3 Qc4+ 38. Kf3 Qxa2 39. Bb6
Qd5+ 40. Qe4 Qxe4+ 41. Kxe4 Bc3 42. Kd5 Bb4 43. Kc4 Be7 44. Kb5 Bf6 45. Bc5 Bd8
46. Kc4 Kg7 47. Kd5 Bc7 48. Bd4+ Kf8 49. Bf6 Ke8 50. Bg7 h5 51. gxh5 gxh5 52.
Bf6 Kd7 53. Bg5 Bd6 54. Be3 b5 55. Bd4 f5 56. Bh8 f4 57. Ke4 Ke6 58. Bd4 b4 59.
Bb2 b3 60. Kd3 {White resigns} 0-1

[Event "Team 45 45 League T50"]
[Site "Internet Chess Club"]
[Date "2011.09.16"]
[Round "6"]
[White "NFork"]
[Black "Meditator"]
[Result "1-0"]
[WhiteElo "2284"]
[BlackElo "2179"]
[Opening "English opening"]
[ECO "A13"]
[Time "05:00:29"]
[TimeControl "2700+45"]

1. c4 e6 2. Nf3 c5 3. Nc3 b6 4. e3 Bb7 5. Be2 Nf6 6. O-O d6 7. d3 Be7 8. a3 a5
9. Bd2 Nc6 10. Qb3 O-O 11. Rfd1 Qc7 12. d4 d5 13. Rac1 Rfb8 14. Qa2 a4 15. Be1
Ba6 16. cxd5 Bxe2 17. Nxe2 Nxd5 18. Nc3 Nxc3 19. Bxc3 Na5 20. dxc5 bxc5 21. Be5
Qb7 22. Bxb8 Rxb8 23. Nd2 Qb5 24. Nc4 Nb3 25. Rc2 Bf6 26. Qb1 g6 27. Rd6 Be7 28.
Rd1 Bf6 29. Rd6 Be7 30. Rd1 Bf6 31. h3 h5 32. Nd2 Kg7 33. Ne4 Be5 34. f4 Bc7 35.
Rf2 c4 36. Qc2 Ba5 37. Nd6 Qc5 38. Qe4 Rd8 39. Qe5+ Qxe5 40. fxe5 Kg8 41. Rc2 f6
42. Rxc4 fxe5 43. Rc8 Rxc8 44. Nxc8 Bd2 45. Kf2 Ba5 46. Ne7+ Kf7 47. Nc6 {Black
resigns} 1-0

[Event "Team 45 45 League T50"]
[Site "Internet Chess Club"]
[Date "2011.09.18"]
[Round "6"]
[White "robertoalvarez"]
[Black "snottgoblin"]
[Result "1/2-1/2"]
[WhiteElo "1999"]
[BlackElo "2046"]
[Opening "Sicilian, Chekhover variation"]
[ECO "B53"]
[Time "19:00:24"]
[TimeControl "2700+45"]

1. e4 c5 2. Nf3 d6 3. d4 cxd4 4. Qxd4 Nc6 5. Bb5 Bd7 6. Bxc6 Bxc6 7. Nc3 Nf6 8.
Bg5 Qb6 9. Bxf6 gxf6 10. O-O-O Qxd4 11. Nxd4 Rg8 12. Rhg1 Bh6+ 13. Kb1 Bf4 14.
g3 Be5 15. Nd5 Bxd5 16. exd5 Bxd4 17. Rxd4 Rc8 18. Re1 Rg5 19. f4 Rh5 20. Re2 b5
21. b3 Rc5 22. Rde4 Rc7 23. Rd4 Rc5 24. Red2 a5 25. Kb2 Kd7 26. c3 Kc7 27. h4
Kb6 28. Re2 Rc7 29. Kc2 Kc5 30. Rde4 Kxd5 31. Rxe7 Rxe7 32. Rxe7 Rh6 33. Rb7 Ke4
34. Rxb5 Rg6 35. Rxa5 Rxg3 36. b4 Kxf4 37. b5 Rg2+ 38. Kb3 Rg1 39. Ra4+ Ke5 40.
Kc2 Kd5 41. Rf4 h5 42. Rxf6 Kc4 43. Rxd6 Rg2+ 44. Rd2 Rg3 45. Rd4+ Kxb5 46. Kb3
Kc5 47. Rf4 Rg4 48. Rf5+ Kd6 49. Rxf7 Rxh4 50. Rh7 Rh1 51. a4 Kc6 52. Kb4 h4 53.
a5 Rb1+ 54. Kc4 Ra1 55. Rh6+ Kb7 56. Kb5 Rb1+ 57. Kc5 Ra1 58. Rh7+ Ka6 59. c4
Rxa5+ 60. Kc6 Ra4 61. Rxh4 Rb4 62. Rd4 Rb6+ 63. Kc7 Rb7+ 64. Kc6 Rh7 65. c5 Rh6+
66. Rd6 Rh7 67. Rd7 Rh6+ 68. Rd6 Rh7 69. Rd8 Rh6+ 70. Rd6 Rh7 {Game drawn by
repetition} 1/2-1/2

[Event "Team 45 45 League T50"]
[Site "Internet Chess Club"]
[Date "2011.09.19"]
[Round "6"]
[White "Uwak"]
[Black "MaartenKoning"]
[Result "1/2-1/2"]
[WhiteElo "2429"]
[BlackElo "2225"]
[Opening "Ruy Lopez: Schliemann defense, Berger variation"]
[ECO "C63"]
[Time "03:00:34"]
[TimeControl "2700+45"]

1. e4 e5 2. Nf3 Nc6 3. Bb5 f5 4. Nc3 fxe4 5. Nxe4 d5 6. Nxe5 dxe4 7. Nxc6 Qg5 8.
Qe2 Nf6 9. f4 Qxf4 10. d4 Qh4+ 11. g3 Qh3 12. Bg5 Bd6 13. Ne5+ c6 14. Bc4 Be6
15. O-O-O O-O-O 16. Nf7 Bxf7 17. Bxf7 Rhf8 18. Bc4 Rde8 19. Rhf1 Kb8 20. Kb1 h6
21. Be3 Nd5 22. Bg1 Qe6 23. Bb3 Rxf1 24. Rxf1 Rf8 25. c4 Rxf1+ 26. Qxf1 Qf6 27.
Qxf6 Nxf6 28. Kc2 Kc7 29. Kd2 g5 30. Bc2 b6 31. a3 c5 32. Kc3 Ng4 33. h3 Nf6 34.
g4 a5 35. Kd2 Bf4+ 36. Ke2 Kd6 37. b3 Kc6 38. Be3 Bd6 39. Bb1 Bf4 40. dxc5 bxc5
41. Bf2 Be5 42. Be1 Kb6 43. b4 axb4 44. axb4 cxb4 45. Bxb4 Bd4 46. Bc2 h5 47. h4
Nxg4 48. hxg5 e3 49. Bf5 Nf2 50. g6 h4 51. Bd6 h3 52. Bf4 Kc5 53. Be6 Ne4 54.
Bxh3 Kxc4 55. Bxe3 Bg7 56. Be6+ Kb5 57. Kf3 Nf6 58. Bd4 Kc6 59. Be5 Ne8 60. Kf4
Bh6+ 61. Kf5 Bf8 62. Kg5 Be7+ 63. Kh6 Bf8+ 64. Kh7 Bd6 65. Bc3 Be7 66. Bf7 Nf6+
67. Kg7 Nh5+ 68. Kg8 Kd7 69. Bc4 Nf4 70. g7 Nh5 71. Kf7 Nxg7 72. Bb5+ Kd6 73.
Bb4+ Kd5 74. Kxe7 Nf5+ 75. Kf6 Nd6 76. Bf1 Ne4+ 77. Ke7 Ke5 78. Bg2 Kd4 79. Ke6
Nc5+ 80. Kf5 Nd3 81. Bd6 Nc5 82. Bc6 Nd3 83. Bg2 Nc5 84. Kf4 Nd3+ {Game drawn by
mutual agreement} 1/2-1/2